AoeStats
← legrosalexandre50

Arabia

514411368Analyzed
2v2 RM · 19h ago on Oct 17, 2026· 28m 14s· 4 players
Game mode
Random Map
Map size
Medium (4 player)
Population
200
Speed
Normal
Resources
Standard
Victory
Conquest
Starting age
Dark Age
Ending age
Imperial Age
RankedLock teamsTeams togetherTeam positionsShared explorationLock speedFull tech treeHidden civsTurbo modeCheats
Victory
Defeat
🇫🇷 Khmer · France
756
+14
🇫🇷 Italians · France
735
+14
vs
🇳🇴 Burgundians · Norway
712
-14
🇷🇺 Saxons · Russia
708
-14
DiedZombies62
5:22 Loom
12:02 Feudal Age
13:05 Horse Collar
13:11 Double-Bit Axe
16:50 Scale Barding Armor
19:52 Forging
24:27 Castle Age
22:32 Fletching
23:38 Bloodlines
24:07 Stone Mining
27:53 Chain Barding Armor
legrosalexandre50
13:17 Feudal Age
14:12 Arson
17:09 Scale Mail Armor
17:00 Fletching
18:03 Double-Bit Axe
18:01 Horse Collar
19:29 Stone Mining
19:30 Gold Mining
19:49 Padded Archer Armor
22:53 Forging
27:21 Scale Barding Armor
buba
10:49 Feudal Age
12:49 Double-Bit Axe
15:32 Fletching
16:14 Loom
20:22 Horse Collar
20:54 Scale Mail Armor
27:40 Padded Archer Armor
chechener
13:02 Double-Bit Axe
13:08 Horse Collar
15:32 Feudal Age
17:13 Heavy Plow
19:09 Loom
22:50 Castle Age
24:44 Squires
Connection lost

Rejoining the realm…

Still unreachable

The connection could not be restored.

Session expired

The server has moved on; the page needs a fresh start.